Map: Para Site LE

Players

Leeder

  • Race: Zerg Zerg
  • League: Diamond
  • Spawn Location: 5:00

BunkerTrain - Winner!

  • Race: Terran Terran
  • League: Diamond
  • Spawn Location: 11:00

VOD

Have the link to the VOD?

Description

Confused on how to play against this playstyle

Time

  • Played on: Jan. 3, 2019, 9:26 a.m.
  • Length: 15:06
Show
View Real Time Build Order
Export as new Build Order

Leeder Zerg 

Build Orders: Hatch First, Brood Lord Corruptor 

Get SALT Encoding   

  12  0:01  Drone  
  13  0:13  Overlord  
  13  0:16  Drone  
  14  0:31  Drone x2  
  14  0:34  Drone  
  17  0:52  Hatchery  
  17  0:54  Drone  
  17  0:57  Drone  
  18  1:08  Extractor  
  17  1:14  Spawning Pool  
  17  1:16  Drone  
  17  1:20  Drone  
  18  1:28  Drone  
  19  1:39  Overlord  
  19  1:50  Drone  
  20  2:00  Queen  
  22  2:01  Drone  
  22  2:03  Queen  
  22  2:04  Drone  
  26  2:11  Drone  
  27  2:16  Drone  
  27  2:19  Metabolic Boost  
  28  2:23  Drone  
  28  2:26  Drone  
  30  2:33  Drone  
  31  2:38  Overlord  
  31  2:40  Queen  
  33  2:46  Drone  
  33  2:47  Drone  
  35  2:55  Drone  
  37  2:58  Drone  
  37  3:02  Hatchery  
  37  3:05  Drone  
  37  3:09  Drone x3  
  37  3:11  Drone  
  37  3:12  Drone x2  
  43  3:16  Overlord  
  43  3:19  Drone  
  44  3:27  Extractor  
  44  3:28  Drone, Extractor  
  44  3:29  Lair  
  44  3:31  Drone  
  44  3:38  Spore Crawler  
  44  3:40  Spore Crawler  
  44  3:41  Spore Crawler  
  41  3:42  Drone x3  
  41  3:46  Drone x2  
  43  4:01  Drone x3  
  45  4:07  Zergling x2  
  45  4:08  Zergling x6  
  49  4:20  Drone  
  49  4:21  Queen, Drone x2  
  54  4:31  Overlord  
  54  4:32  Overlord x2  
  54  4:37  Spire  
  53  4:44  Overlord  
  53  4:45  Overlord  
  53  4:51  Drone  
  53  4:52  Drone x4  
  58  4:54  Drone  
  58  4:55  Drone x2  
  58  4:57  Zergling x4  
  63  5:10  Zergling x2  
  63  5:11  Zergling x10  
  68  5:23  Drone x6  
  68  5:25  Baneling Nest, Extractor  
  68  5:27  Extractor  
  71  5:30  Zergling x2  
  71  5:31  Zergling x2  
  72  5:49  Corruptor x7  
  85  5:57  Drone x2  
  85  5:58  Drone x2  
  85  6:00  Overlord  
  89  6:11  Zerg Flyer Weapons Level 1  
  89  6:12  Centrifical Hooks  
  89  6:25  Zergling x2  
  90  6:26  Zergling x14  
  90  6:31  Baneling  
  90  6:32  Baneling x10  
  89  6:51  Zergling x6  
  89  6:52  Zergling x8  
  90  6:54  Overlord x2  
  90  6:55  Overlord x2  
  90  7:01  Overlord x3  
  90  7:10  Hatchery, Zergling x2  
  90  7:12  Overlord x2  
  89  7:21  Drone  
  89  7:22  Drone x8  
  98  7:32  Evolution Chamber x2  
  98  7:36  Zergling x8  
  98  7:37  Zergling x4  
  102  7:46  Overlord  
  102  7:47  Zergling x14  
  109  7:56  Infestation Pit  
  109  7:58  Drone x3  
  111  8:08  Drone  
  111  8:09  Drone x6  
  111  8:12  Extractor  
  116  8:13  Drone, Extractor  
  116  8:16  Corruptor  
  118  8:33  Hive  
  116  8:34  Hatchery  
  116  8:37  Zergling x2  
  116  8:38  Zergling x10  
  116  8:39  Zergling x4  
  116  8:40  Zergling x8  
  116  8:41  Baneling x5  
  126  8:42  Baneling x4  
  126  8:46  Corruptor x2  
  126  8:47  Corruptor  
  132  8:51  Drone x3  
  135  9:01  Corruptor  
  135  9:02  Corruptor x2  
  137  9:03  Overlord  
  137  9:06  Drone  
  137  9:07  Drone x4  
  137  9:09  Drone  
  147  9:14  Baneling  
  147  9:15  Baneling x10  
  146  9:20  Zergling x10  
  146  9:22  Zergling x4  
  153  9:29  Zergling x2  
  153  9:30  Zergling x12  
  160  9:32  Overlord  
  160  9:41  Zergling x2  
  160  9:42  Zergling x14  
  160  9:43  Overlord  
  137  10:05  Zergling x26  
  137  10:06  Zergling x8  
  124  10:11  Greater Spire  
  122  10:14  Zergling x12  
  122  10:16  Baneling  
  122  10:17  Baneling x10  
  127  10:23  Zergling x2  
  127  10:24  Zergling x8  
  127  10:26  Zergling x4  
  138  10:30  Baneling x6  
  138  10:31  Zergling x2  
  117  10:46  Zergling x2  
  117  10:47  Zergling x12  
  111  11:01  Queen  
  113  11:21  Extractor x2  
  113  11:23  Brood Lord x2  
  113  11:24  Brood Lord x3  
  121  11:26  Zerg Flyer Armor Level 1, Corruptor x3  
  121  11:27  Corruptor x4  
  121  11:30  Drone x8  
  143  11:41  Hatchery  
  142  11:50  Corruptor  
  142  11:51  Corruptor x5  
  151  12:14  Zergling x6  
  151  12:15  Zergling x32  
  153  12:29  Corruptor x6  
  165  12:42  Corruptor  
  165  12:43  Corruptor x2  
  153  12:52  Corruptor x4  
  153  12:53  Corruptor  
  142  13:29  Brood Lord x2  
  142  13:30  Brood Lord  
  148  13:38  Zergling x28  
  148  13:39  Zergling x6  
  163  13:48  Brood Lord x3  
  150  13:49  Brood Lord  
  131  14:01  Queen  
  98  14:25  Brood Lord x3  
  96  14:33  Extractor  
  96  14:34  Extractor  
  96  14:35  Zergling x2  
  96  14:36  Zergling x18  
  104  14:43  Zergling x4  
  104  14:44  Zergling x10  
Show
View Real Time Build Order
Export as new Build Order

BunkerTrain Terran - Winner!

Build Orders:  

Get SALT Encoding   

  12  0:01  SCV  
  13  0:13  SCV  
  14  0:17  Supply Depot  
  14  0:25  Refinery  
  14  0:27  SCV  
  15  0:39  SCV  
  16  0:46  Barracks  
  16  0:53  SCV  
  17  1:05  SCV  
  18  1:17  SCV  
  19  1:32  Orbital Command  
  19  1:33  Factory  
  19  1:46  Reaper  
  20  1:58  SCV  
  21  2:09  Command Center  
  21  2:12  SCV  
  22  2:23  Factory Reactor  
  22  2:24  SCV  
  22  2:26  Supply Depot  
  22  2:27  Refinery  
  23  2:41  Starport  
  23  2:48  SCV  
  24  3:00  SCV, Hellion x2  
  24  3:02  Supply Depot  
  30  3:19  Viking  
  31  3:20  SCV  
  31  3:25  Supply Depot  
  32  3:29  Hellion  
  36  3:38  Orbital Command  
  34  3:43  SCV  
  34  3:44  Fusion Core  
  30  4:03  SCV, Supply Depot  
  30  4:05  Starport Tech Lab  
  30  4:07  Hellion x2  
  35  4:14  Refinery  
  35  4:15  SCV x2  
  37  4:30  SCV x2  
  39  4:34  Battlecruiser  
  45  4:40  Hellion  
  45  4:42  SCV  
  45  4:43  Hellion  
  50  4:47  SCV  
  51  4:54  SCV  
  51  4:59  SCV  
  53  5:02  Factory  
  53  5:06  SCV  
  54  5:11  SCV, Hellion x2  
  59  5:19  SCV, Supply Depot  
  60  5:23  SCV  
  60  5:27  Armory  
  61  5:31  SCV  
  61  5:34  Factory  
  62  5:36  SCV  
  63  5:43  SCV  
  63  5:49  Factory Tech Lab  
  64  5:52  Hellion x2  
  64  5:56  Weapon Refit  
  68  6:03  Supply Depot  
  68  6:04  SCV x2  
  70  6:15  Command Center  
  70  6:35  Factory Tech Lab  
  70  6:36  Hellion x2, Cyclone  
  61  6:58  Terran Vehicle And Ship Armor Level 1  
  61  7:01  SCV  
  62  7:02  Factory  
  62  7:03  Refinery, Factory  
  62  7:05  Factory, Hellion x2  
  62  7:08  Cyclone  
  68  7:19  Mag-Field Accelerator  
  68  7:23  SCV  
  68  7:24  SCV  
  70  7:32  Hellion x2  
  70  7:35  SCV  
  70  7:36  SCV  
  76  7:44  Cyclone x2  
  82  7:47  SCV  
  82  7:48  Engineering Bay, Orbital Command  
  82  7:51  SCV, Refinery  
  84  7:52  Factory Reactor  
  84  7:53  Factory Tech Lab, Factory Reactor  
  84  7:59  SCV, Hellion x2  
  84  8:03  SCV  
  90  8:11  SCV  
  91  8:13  Cyclone  
  91  8:14  Supply Depot x2  
  91  8:19  Infernal Pre-Igniter  
  94  8:21  Cyclone  
  94  8:23  SCV x2  
  94  8:26  Refinery  
  100  8:27  SCV  
  100  8:35  SCV, Hellion x2, Cyclone  
  108  8:45  SCV, Hellion x4  
  117  8:59  Supply Depot  
  117  9:01  Supply Depot  
  117  9:20  Terran Vehicle And Ship Armor Level 2  
  117  9:21  SCV x2, Cyclone x2  
  117  9:22  Starport, Factory Tech Lab  
  117  9:23  SCV, Cyclone  
  129  9:32  Hellion x2  
  133  9:44  Supply Depot x2  
  133  9:46  Supply Depot  
  133  9:55  Hellion  
  133  9:57  SCV x3, Hellion  
  131  10:01  Cyclone  
  115  10:08  Cyclone x2  
  115  10:09  Hellion x3  
  115  10:12  Battlecruiser  
  133  10:22  SCV x2, Hellion x2  
  133  10:24  SCV  
  140  10:30  Hellion  
  140  10:34  Hellion x3  
  148  10:41  Command Center  
  102  10:59  Cyclone x4  
  102  11:00  Hellion  
  102  11:01  Hellion x3  
  102  11:02  SCV  
  102  11:03  SCV x2  
  125  11:15  SCV x3  
  128  11:25  Armory  
  128  11:26  Hellion x4  
  128  11:32  Hellion  
  138  11:35  Engineering Bay  
  138  11:36  Terran Vehicle Weapons Level 1  
  138  11:38  Cyclone x3  
  147  11:47  Hellion  
  147  11:53  Cyclone  
  158  11:54  Hellion x3  
  156  12:09  Hellion  
  156  12:10  Cyclone  
  158  12:19  Viking  
  158  12:20  Viking x2  
  161  12:31  SCV x2  
  161  12:32  SCV  
  161  12:33  Starport, Planetary Fortress  
  161  12:34  Refinery, Starport  
  161  12:35  Refinery, Starport  
  164  12:37  Sensor Tower  
  164  12:39  Sensor Tower  
  155  12:55  Cyclone x4  
  155  12:56  Viking x2  
  171  13:02  Viking  
  148  13:26  Viking  
  148  13:27  Cyclone x4  
  148  13:30  Starport Reactor x3  
  148  13:33  SCV x3  
  161  13:51  Viking x2  
  161  13:54  Hellion x3  
  171  13:58  Hellion  
  171  13:59  Hellion  
  169  14:07  Hellion x2  
  155  14:15  Viking x5  
  155  14:16  Viking  
  155  14:17  Viking  
  163  14:18  Hellion x2  
  163  14:19  Hellion x2  
  163  14:20  Viking  
  163  14:21  Viking  
  163  14:26  SCV  
  152  14:41  Command Center  
  152  14:43  Hellion x3  
Tags
 
Add a new tag
Caveats
  • Supply blocks, unpowered buildings, or Contaminate may cause inaccurate times.
  • Supply counts are checked every 10 seconds.